 Dungeon Crawl Stone Soup version 0.25-a0-479-g8579842fd4 (webtiles) character file.

Game seed: 14220797393132234824, levelgen mode: deterministic

248 Kohma the Stinger (level 5, -5/57 HPs)
             Began as a Draconian Venom Mage on Feb 9, 2020.
             Killed by divine providence
             ... invoked by an orc priest
              (12 damage)
             ... on level 5 of the Dungeon.
             The game lasted 00:12:09 (4108 turns).

Kohma the Stinger (Draconian Venom Mage)            Turns: 4108, Time: 00:12:10

Health: -5/57      AC: 22    Str:  7 (10) XL:     5   Next: 86%
Magic:  8/10       EV:  2    Int: 20 (21) God:
Gold:   202        SH:  0    Dex: 11 (12) Spells: 1/11 levels left

rFire    . . .     SeeInvis .   y - +0 long sword
rCold    . . .     Gourm    .   (no shield)
rNeg     + + +     Faith    .   (armour unavailable)
rPois    +         Spirit   .   (helmet currently unavailable)
rElec    .         Reflect  .   (cloak currently unavailable)
rCorr    .         Harm     .   (gloves currently unavailable)
MR       .....     NoTele   +   (boots currently unavailable)
Stlth    ++........             (no amulet)
HPRegen  0.19/turn              (no ring)
MPRegen  0.12/turn              (no ring)

@: brilliant, tree-form (expiring)
A: unfitting armour, AC +5
a: no special abilities


You were on level 5 of the Dungeon.
You were not hungry.
You were a tree.
You visited 1 branch of the dungeon, and saw 5 of its levels.

You collected 202 gold pieces.

Inventory:

Hand Weapons
 y - a +0 long sword (weapon)
Missiles
 a - 56 sling bullets
 h - 156 stones
 k - 12 poisoned darts (quivered)
Armour
 n - a +0 pair of gloves
 z - the +2 pair of gloves of Zyffamna (melded) {rN+}
   (You found it on level 4 of the Dungeon)

   It protects you from negative energy.
   If you remove this armour, your AC will rise 0 points (22 -> 22)
Jewellery
 f - an uncursed ring of poison resistance {unknown}
 r - an uncursed ring of fire {unknown}
Wands
 A - a wand of polymorph (12)
Scrolls
 d - 2 scrolls of fog {unknown}
 e - 5 scrolls of identify {unknown}
 j - 2 scrolls of remove curse {unknown}
 m - a scroll of enchant armour {unknown}
 p - 2 scrolls of teleportation {unknown}
 q - a scroll of blinking {unknown}
 s - 2 scrolls of amnesia {unknown}
 t - a scroll of immolation {unknown}
 u - a scroll of noise {unknown}
 v - a scroll of enchant weapon {unknown}
Potions
 c - a potion of degeneration
 o - a potion of mutation {unknown}
 w - a potion of curing {unknown}
 x - a potion of heal wounds {unknown}
 B - a potion of magic {unknown}
Comestibles
 b - 8 rations


   Skills:
 - Level 1.7 Dodging
 - Level 1.7 Stealth
 + Level 3.6 Spellcasting
 + Level 1.3 Conjurations
 - Level 1.0 Transmutations
 - Level 2.1 Air Magic
 * Level 4.8 Poison Magic


You had one spell level left.
You knew the following spells:

 Your Spells              Type           Power        Failure   Level  Hunger
a - Sting                 Tmut/Pois      ####         1%          1    None
b - Poisonous Vapours     Pois/Air       ####..       1%          2    ##.....
c - Mephitic Cloud        Conj/Pois/Air  ####....     1%          3    ###....
d - Olgreb's Toxic Radia  Pois           ####....     2%          4    ####...

Your spell library contained the following spells:

 Spells                   Type           Power        Failure   Level  Hunger
 Ignite Poison            Fire/Tmut/Pois ###.....     2%          3    ###....


Dungeon Overview and Level Annotations

Branches:
Dungeon (5/15)
 Temple: D:4-7

Altars:


Innate Abilities, Weirdness & Mutations

((Your plain brown scales are hard. (AC +5)))
You cannot fit into any form of body armour.
((You are cold-blooded and may be slowed by cold attacks.))


Message History

The orc wizard casts a spell.
The orc wizard flickers and vanishes!
Deactivating autopickup; reactivate with Ctrl-A.
You closely miss something.
You feel less confused.
Something hits you but does no damage. x2
You closely miss something. Something hits you but does no damage.
You barely miss something.
Your transformation is almost over.
The orc priest shouts!
Something hits you.
* * * LOW HITPOINT WARNING * * *
You closely miss something. Something hits you but does no damage.
The orc priest looks satisfied for a moment.
You miss something. Something hits you but does no damage. Something hits you.
* * * LOW HITPOINT WARNING * * *
You miss something.
The orc priest calls down the wrath of Beogh upon you.
Beogh smites you!
You die...

###########
######.♣.......#
#......{.#####.#
#.#.##.#o#
#.##.#.#####.. #
#.............
#.#..#..........
#.#..#)#.#####..
#........#
###....###


You could see an orc priest.

Vanquished Creatures
  Blork the orc (D:4)
  An iguana (D:4)
  3 gnolls (D:4)
  3 adders (D:2)
  An adder skeleton (D:4)
  4 worms (D:2)
  2 dart slugs (D:2)
  2 leopard geckos
  5 orcs
  9 giant cockroaches
  6 hobgoblins
  7 jackals (D:2)
  9 kobolds
  A quokka (D:2)
  8 bats
  7 frilled lizards
  4 goblins
  6 rats
79 creatures vanquished.

Notes
Turn   | Place    | Note
-------+----------+-------------------------------------------
     0 | D:1      | Kohma the Draconian Venom Mage began the quest for the Orb.
     0 | D:1      | Reached XP level 1. HP: 14/14 MP: 3/3
   276 | D:1      | Reached XP level 2. HP: 20/20 MP: 3/5
   595 | D:1      | Learned a level 2 spell: Poisonous Vapours
  1031 | D:2      | Reached XP level 3. HP: 26/26 MP: 1/6
  1285 | D:2      | Reached skill level 1 in Air Magic
  1637 | D:2      | Reached XP level 4. HP: 33/33 MP: 0/8
  1881 | D:2      | Learned a level 3 spell: Mephitic Cloud
  2199 | D:2      | Reached skill level 4 in Poison Magic
  3294 | D:4      | Got a pair of smoking gloves
  3310 | D:4      | Identified the +2 pair of gloves of Zyffamna {rN+} (You
                  | found it on level 4 of the Dungeon)
  3329 | D:4      | Reached XP level 5. HP: 38/38 MP: 4/9
  3420 | D:4      | Learned a level 4 spell: Olgreb's Toxic Radiance
  3764 | D:4      | Noticed Blork the orc
  3769 | D:4      | Killed Blork the orc
  3769 | D:4      | Reached skill level 1 in Conjurations
  4046 | D:5      | Entered Level 5 of the Dungeon
  4108 | D:5      | Killed from afar by an orc priest

Levels and vault maps discovered:
D:1:      minmay_arrival_widening_spiral_wide, layout_basic,
          minmay_tree_intersection, minmay_misc_feat_diagonals
D:2:      minmay_recursive_quarters, layout_basic, serial_forest,
          infiniplex_forest_diagonal, infiniplex_forest_clump_diagonal,
          infiniplex_forest_clump_small, infiniplex_forest_clump_curved,
          infiniplex_forest_clump_tiny, infiniplex_forest_end_1,
          chequers_serial_rivers_micro_d
D:3:      layout_basic, first_ration, minmay_cupped
D:4:      layout_rooms, uniq_blork_the_orc
D:5:      layout_loops_corners, minmay_hedge_maze, minmay_crystal_room,
          uniq_ijyb

Skill      XL: |  1  2  3  4  5 |
---------------+----------------+-----
Air Magic      | 1 2 |  2.1
Spellcasting   | 3 |  3.6
Poison Magic   | 4 |  4.8
Conjurations   | 1 |  1.3
Dodging        | |  1.7
Stealth        | |  1.7
Transmutations | |  1.0

Action                   |  1- 3 |  4- 6 || total
-------------------------+-------+-------++-------
Melee: Unarmed           |     1 |       ||     1
       Dagger            |    53 |    41 ||    94
       Tailslap          |     5 |     8 ||    13
       Long sword        |       |    36 ||    36
 Cast: Sting             |    31 |     5 ||    36
       Poisonous Vapours |    13 |    45 ||    58
  Use: Potion            |       |     4 ||     4
 Stab: Sleeping          |     1 |       ||     1
  Eat: Chunk             |     3 |     9 ||    12
       Ration            |       |     1 ||     1
Armor: Skin              |    23 |    35 ||    58
Dodge: Dodged            |    45 |    41 ||    86
       Rpst.: Long sword |       |     6 ||     6

Table legend:
 A = Non-vault XP
 B = Vault XP
 C = Vault XP percentage of total XP
 D = Non-vault monster count
 E = Vault monster count
 F = Vault count percentage of total count
                 A         B        C        D         E       F
            +---------+---------+-------+---------+---------+-------
      Total |     243 |     112 |  31.5 |      70 |       9 |  11.4
            +---------+---------+-------+---------+---------+-------
        D:1 |      30 |       0 |   0.0 |      21 |       0 |   0.0
        D:2 |      92 |      22 |  19.3 |      29 |       7 |  19.4
        D:3 |      20 |       3 |  13.0 |      10 |       1 |   9.1
        D:4 |      95 |      87 |  47.8 |       8 |       1 |  11.1
        D:5 |       6 |       0 |   0.0 |       2 |       0 |   0.0
            +---------+---------+-------+---------+---------+-------
